 Dungeon Crawl Stone Soup version 0.22.1-1-ga44c0e5 (webtiles) character file.

179 kaesh the Shield-Bearer (level 5, 0/42 HPs)
             Began as a Formicid Fighter on Oct 20, 2018.
             Succumbed to a kobold's poison
             ... on level 6 of the Dungeon.
             The game lasted 00:06:10 (3523 turns).

kaesh the Shield-Bearer (Formicid Fighter)          Turns: 3523, Time: 00:06:11

Health: 0/42       AC:  7    Str: 21 (22) XL:     5   Next: 90%
Magic:  5/5        EV:  8    Int:  6 (7)  God:
Gold:   195        SH:  9    Dex:  8 (10) Spells: 4/4 levels left

rFire    . . .     SeeInvis +   a - +1 war axe
rCold    . . .     Gourm    .   c - +0 shield
rNeg     . . .     Faith    .   b - +0 scale mail
rPois    .         Spirit   .   (helmet unavailable)
rElec    .         Reflect  .   (no cloak)
rCorr    .         Harm     .   (no gloves)
MR       .....                  (no boots)
Stlth    ..........             (no amulet)
HPRegen  0.14/turn              i - ring of see invisible
MPRegen  0.09/turn              (no ring)

@: lethally poisoned (0 -> -3)
A: permanent stasis, dig shafts and tunnels, four strong arms, antennae 3
a: Dig, Shaft Self


You were on level 6 of the Dungeon.
You were hungry.

You visited 1 branch of the dungeon, and saw 4 of its levels.

You collected 195 gold pieces.

Inventory:

Hand Weapons
 a - a +1 war axe (weapon)
Armour
 b - a +0 scale mail (worn)
 c - a +0 shield (worn)
Jewellery
 i - a ring of see invisible (left hand)
Scrolls
 j - a scroll of teleportation
 l - a scroll of blinking
 m - 2 scrolls of identify
Potions
 d - a potion of lignification {unknown}
 k - a potion of curing
 n - a potion of haste {unknown}
Comestibles
 f - 9 rations
 h - a chunk of flesh


   Skills:
 + Level 3.8 Fighting
 + Level 3.5 Axes
 + Level 4.4 Armour
 + Level 1.1 Dodging
 + Level 4.5 Shields


You had 4 spell levels left.
You didn't know any spells.
Your spell library was empty.

Dungeon Overview and Level Annotations

Branches:
Dungeon (3/15)

Altars:
Dithmenos
Elyvilon
Hepliaklqana
Xom


Innate Abilities, Weirdness & Mutations

You cannot be hasted, slowed, berserked, paralysed or teleported.
You can dig through walls and to a lower floor.
Your four strong arms can wield two-handed weapons with a shield.
You have a pair of large antennae on your head. (SInv)


Message History

You feel sick.
Your shield and scale mail prevent you from hitting the worker ant zombie.
You feel sick.
You block the worker ant zombie's attack.
You hit the worker ant zombie.
The worker ant zombie is lightly damaged.
You block the worker ant zombie's attack.
You hit the worker ant zombie.
The worker ant zombie is moderately damaged.
You feel sick.
You block the worker ant zombie's attack.
The worker ant zombie bites you.
* * * LOW HITPOINT WARNING * * *
You hit the worker ant zombie.
The worker ant zombie is moderately damaged.
The worker ant zombie bites you.
* * * LOW HITPOINT WARNING * * *
You slash the worker ant zombie!
The worker ant zombie is almost destroyed.
You die...

+........#
#........#
#........#
#........#
###.?......#
...........#
.......Z...#
.......@...#
...........#
...........#
...........#
############


You could see a worker ant zombie.

Vanquished Creatures
  Terence (D:2)
  9 adders
  3 worms
  A dart slug (D:2)
  3 leopard geckos (D:1)
  An orc (D:3)
  A ball python (D:2)
  4 giant cockroaches
  8 goblins
  4 hobgoblins
  2 jackals (D:1)
  3 quokkas
  7 bats
  A frilled lizard (D:1)
  A jackal zombie (D:3)
  7 kobolds
  5 rats
61 creatures vanquished.

Notes
Turn   | Place    | Note
-------+----------+-------------------------------------------
     0 | D:1      | kaesh the Formicid Fighter began the quest for the Orb.
     0 | D:1      | Reached XP level 1. HP: 18/18 MP: 1/1
   110 | D:1      | Reached XP level 2. HP: 16/24 MP: 2/2
   683 | D:1      | Reached XP level 3. HP: 28/29 MP: 3/3
  1340 | D:2      | Reached XP level 4. HP: 36/36 MP: 4/4
  1437 | D:2      | HP: 1/37 [poisoned by an adder]
  2609 | D:2      | Found a sacrificial altar of Ru.
  2611 | D:2      | Found a shimmering altar of Xom.
  2611 | D:2      | Found a shimmering altar of Xom.
  2611 | D:2      | Noticed Terence
  2638 | D:2      | Killed Terence
  2638 | D:2      | Reached skill level 1 in Dodging
  2638 | D:2      | Reached XP level 5. HP: 21/42 MP: 5/5
  2639 | D:2      | Found a shimmering altar of Xom.
  2639 | D:2      | Found a shimmering altar of Xom.
  2639 | D:2      | Found a shadowy altar of Dithmenos.
  3016 | D:3      | Found a white marble altar of Elyvilon.
  3126 | D:3      | Found a hazy altar of Hepliaklqana.
  3517 | D:3      | You fall through a shaft for 3 floors!
  3522 | D:6      | HP: 1/42 [worker ant zombie (3)]
  3523 | D:6      | Succumbed to a kobold's poison

Skill      XL: |  1  2  3  4 |
---------------+-------------+-----
Shields        | 4 |  4.5
Armour         | 4 |  4.4
Axes           | 3 |  3.5
Dodging        | 1 |  1.1
Fighting       | |  3.8

Action                   |  1- 3 |  4- 6 || total
-------------------------+-------+-------++-------
Melee: War axe           |    93 |   166 ||   259
 Abil: Shaft Self        |       |     1 ||     1
  Use: Scroll            |     4 |     4 ||     8
       Potion            |       |     3 ||     3
  Eat: Chunk             |     1 |     4 ||     5
       Ration            |       |     1 ||     1
Armor: Scale mail        |    58 |    93 ||   151
Dodge: Dodged            |    40 |    63 ||   103
Block: Shield            |    57 |    92 ||   149
